 Dungeon Crawl Stone Soup version 0.31-a0-750-gfe7b580527 (webtiles) character file.

Game seed: 13920239358528794277

89 randomguy2701 the Chopper (level 4, 7/40 HPs)
             Began as a Hill Orc Fighter on Sept 14, 2023.
             Quit the game on level 3 of the Dungeon.
             The game lasted 00:01:21 (1673 turns).

randomguy2701 the Chopper (Hill Orc Fighter)        Turns: 1673, Time: 00:01:22

Health: 7/40       AC:  7    Str: 20    XL:     4   Next: 55%
Magic:  4/4        EV:  9    Int:  8    God:
Gold:   77         SH:  4    Dex: 10    Spells: 3/3 levels left

rFire   . . .        a - +0 war axe
rCold   . . .        c - +0 buckler
rNeg    . . .        b - +0 scale mail
rPois   .            (no helmet)
rElec   .            (no cloak)
rCorr   .            (no gloves)
SInv    .            (no boots)
Will    .....        (no amulet) Stlth
                     (no ring)
HPRegen 0.26/turn    (no ring)
MPRegen 0.09/turn

%: no passive effects
@: seriously poisoned (7 -> 1)
A: no striking features
a: no special abilities


You were on level 3 of the Dungeon.
You visited 1 branch of the dungeon, and saw 3 of its levels.

You collected 77 gold pieces.

Inventory:

Hand Weapons
 a - a +0 war axe (weapon)
Armour
 b - a +0 scale mail (worn)
 c - a +0 buckler (worn)
Scrolls
 e - 3 scrolls of blinking {unknown}
 h - a scroll of teleportation {unknown}
 i - a scroll of identify {unknown}
Potions
 d - a potion of might
 f - a potion of lignification {unknown}
 g - a potion of haste {unknown}
 j - 2 potions of degeneration {unknown}
 k - a potion of enlightenment {unknown}


   Skills:
 + Level 4.2 Fighting
 + Level 4.3 Axes
 + Level 3.9 Armour
 + Level 0.2 Dodging
 + Level 3.8 Shields


You had 3 spell levels left.
You didn't know any spells.
Your spell library contained the following spells:

 Spells                   Type           Power      Damage    Failure   Level
 Magic Dart               Conj           0%         1d3       83%         1
 Necrotise                Necr           0%         1d4       83%         1
 Call Imp                 Summ           0%         N/A       92%         2
 Mephitic Cloud           Conj/Pois/Air  0%         N/A       99%         3
 Vampiric Draining        Necr           0%         2d6       99%         3
 Agony                    Necr           0%         N/A       100%        5


Dungeon Overview and Level Annotations

Branches:
Dungeon (3/15)

Altars:
Okawaru

Annotations:
D:3 Grinder


Message History

You open the large door.
A scorpion comes into view.
The scorpion moves out of view.
Grinder comes into view.
Grinder shouts!
Grinder moves out of view.
There is a large open door here.
A scorpion is nearby!
A scorpion is nearby!
The scorpion completely misses you.
You hit the scorpion but do no damage. You block the scorpion's attack.
You slash the scorpion!
The scorpion is heavily wounded.
The scorpion stings you.
You are poisoned.
The scorpion poisons you! The scorpion stings you.
You are more poisoned.
The scorpion poisons you!
You barely miss the scorpion.
The scorpion is moderately wounded.
You feel very sick. The scorpion closely misses you.
You block the scorpion's attack.
Unknown command.
You hit the scorpion but do no damage.
The scorpion is moderately wounded.
You closely miss Grinder.
You feel very sick.
The scorpion stings you but does no damage.
Grinder hits you.
You writhe in agony.
Unknown command.
You barely miss the scorpion.
The scorpion is moderately wounded.
You closely miss Grinder.
You feel very sick. The scorpion stings you.
* * * LOW HITPOINT WARNING * * *
Grinder hits you but does no damage. The scorpion stings you.
* * * LOW HITPOINT WARNING * * *
Unknown command.
Are you sure you want to abandon this character and quit the game? (Confirm with "yes".)

# #.##############
#..............#########
####...####....#........
≈≈..#..........#......
..≈.##.####.>..#..#.##
≈.≈.##.####.)..'5..8.#
.≈≈.##.##.###..'@s#
.≈≈.##.#...##.##..#
.≈≈.##......#.##.....
≈.≈.#.........##.......
..≈.##......#..########
≈≈..##.#....#### ###
#.##.#... ..##.####.
#...###


You could see Grinder and a scorpion.

Vanquished Creatures
  A hound (D:2)
  2 adders
  A worm (D:2)
  2 bats
  3 endoplasms (D:1)
  A giant cockroach (D:1)
  2 goblins
  3 hobgoblins
  3 kobolds
  2 quokkas
  6 ball pythons
  7 frilled lizards
  4 rats (D:2)
37 creatures vanquished.

Notes
Turn   | Place    | Note
-------+----------+-------------------------------------------
     0 | D:1      | randomguy2701 the Hill Orc Fighter began the quest for the
                  | Orb.
     0 | D:1      | Reached XP level 1. HP: 19/19 MP: 1/1
   160 | D:1      | Reached XP level 2. HP: 27/27 MP: 2/2
   834 | D:2      | Reached XP level 3. HP: 33/33 MP: 3/3
   971 | D:2      | Reached XP level 4. HP: 23/40 MP: 4/4
  1601 | D:3      | Found an iron altar of Okawaru.
  1665 | D:3      | Noticed a scorpion
  1666 | D:3      | Noticed Grinder
  1673 | D:3      | Quit the game

Illustrated notes

Levels and vault maps discovered:
D:1:      matt_arrival_refuge, layout_loops_ring
D:2:      layout_basic, minivault_11, chequers_serial_rivers_small_a
D:3:      kennysheep_six_static_rooms, layout_loops_ring,
          mainiacjoe_overflow_paths, kennysheep_generic_room_4, uniq_sigmund,
          uniq_grinder

Skill      XL: |  1  2  3 |
---------------+----------+-----
Axes           | 3 4 |  4.3
Fighting       | 4 |  4.2
Armour         | |  3.9
Dodging        | |  0.2
Shields        | |  3.8

Action                     |  1- 3 |  4- 6 || total
---------------------------+-------+-------++-------
  Melee: War axe           |    88 |    35 ||   123
 Armour: Scale mail        |    54 |    25 ||    79
  Dodge: Dodged            |    44 |    23 ||    67
  Block: Buckler           |    21 |     6 ||    27

Table legend: (Time is in decaauts)
 A = Elapsed time spent in this place.
 B = Non-inter-level travel time spent in this place.
 C = Inter-level travel time spent in this place.
 D = Time resting spent in this place.
 E = Time spent auto-exploring this place.
 F = Levels seen in this place.
 G = Mean time per level.
                   A        B        C        D        E       F      G
               +--------+--------+--------+--------+--------+-----+--------+
         Total |   1718 |   1675 |     43 |      0 |   1377 |   3 |  572.7 |
       Dungeon |   1718 |   1675 |     43 |      0 |   1377 |   3 |  572.7 |
               +--------+--------+--------+--------+--------+-----+--------+

Top non-repeatable levels by time:
     D:1: 770 daAuts
     D:2: 690 daAuts
     D:3: 257 daAuts
